 Dungeon Crawl Stone Soup version 0.30-a0-748-ge6a52f7cba (webtiles) character file.

Game seed: 16484773155945294191

816 Caestello the Chiller (level 7, 0/45 HPs)
             Began as a Merfolk Ice Elementalist on Feb 8, 2023.
             Was an Elder of Ru.
             Slain by a phantom (6 damage)
             ... on level 5 of the Dungeon.
             The game lasted 00:17:01 (6068 turns).

Caestello the Chiller (Merfolk Ice Elementalist)    Turns: 6068, Time: 00:17:01

Health: 0/45       AC:  4    Str:  8    XL:     7   Next: 94%
Magic:  9/14       EV: 13    Int: 16    God:    Ru [****..]
Gold:   87         SH:  0    Dex: 15    Spells: 9/16 levels left

rFire   . . .      SeeInvis .    l - +0 spear
rCold   . . .      Faith    .    (shield unavailable)
rNeg    . . .      Spirit   .    a - +0 robe
rPois   .          Reflect  .    (no helmet)
rElec   .          Harm     .    v - +0 cloak
rCorr   .          Rampage  .    (no gloves)
Will    .....                    o - +0 pair of boots
Stlth   ++                       (no amulet)
HPRegen 0.27/turn                (ring unavailable)
MPRegen 0.14/turn                (no ring)

@: no status effects
A: frail 1, missing a hand, (nimble swimmer 2), mertail
a: Renounce Religion, Draw Out Power, Power Leap


You were on level 5 of the Dungeon.
You worshipped Ru.
Ru was greatly pleased with you.
You visited 1 branch of the dungeon, and saw 5 of its levels.

You collected 253 gold pieces.
You spent 166 gold pieces at shops.

Inventory:

Hand Weapons
 j - a +0 club
 l - a +0 spear (weapon)
Armour
 a - a +0 robe (worn)
 o - a +0 pair of boots (worn)
 v - a +0 cloak (worn)
Jewellery
 i - a ring of fire
 w - an amulet of guardian spirit
Wands
 m - a wand of flame (19)
 y - a wand of mindburst (13)
Scrolls
 d - a scroll of torment {unknown}
 e - a scroll of noise {unknown}
 f - 3 scrolls of amnesia {unknown}
 g - a scroll of immolation {unknown}
 k - 2 scrolls of fear {unknown}
 n - 2 scrolls of teleportation
 q - a scroll of magic mapping {unknown}
 s - a scroll of blinking {unknown}
 t - a scroll of acquirement {unknown}
 x - a scroll of fog {unknown}
Potions
 b - a potion of magic
 c - 2 potions of mutation
 h - 2 potions of lignification
 p - a potion of attraction
 r - a potion of flight
 u - a potion of invisibility {unknown}


   Skills:
 + Level 2.0 Fighting
 + Level 2.6 Polearms
 + Level 4.2 Dodging
 + Level 3.5 Stealth
 + Level 5.0 Spellcasting
 + Level 7.1 Ice Magic


You had 9 spell levels left.
You knew the following spells:

 Your Spells              Type           Power      Damage    Failure   Level
a - Freeze                Ice            100%       1d10      1%          1
b - Frozen Ramparts       Ice            52%        1d8       2%          3
c - Ozocubu's Armour      Ice            26%        N/A       2%          3

Your spell library contained the following spells:

 Spells                   Type           Power      Damage    Failure   Level
 Blink                    Tloc           8%         N/A       22%         2
 Lesser Beckoning         Tloc           8%         N/A       22%         2
 Momentum Strike          Conj/Tloc      8%         3d8       22%         2
 Summon Ice Beast         Ice/Summ       15%        N/A       34%         4
 Inner Flame              Hex/Fire       4%         N/A       41%         3
 Cause Fear               Hex            2%         N/A       83%         4
 Discord                  Hex            2%         N/A       100%        8


Dungeon Overview and Level Annotations

Branches:
Dungeon (5/15)
 Temple: D:4-7

Altars:
Cheibriados
Ru
Vehumet

Shops:
D:1 [*:


Innate Abilities, Weirdness & Mutations

You are frail. (-10% HP)
You are missing a hand.
((You are very nimble when in or above water. (Stealth+, EV+, Speed+++)))
Your lower body shifts to a powerful aquatic tail in water.


Message History

Aim: a phantom (severely damaged)
You freeze the phantom but do no damage.
The phantom completely resists.
The phantom completely misses you.
Aiming: Freeze (safe; 1% risk of failure)
Press: ? - help, Q - select action, (/) - cycle Shift-Dir - straight line, f/p - phantom
Aim: a phantom (severely damaged)
You freeze the phantom.
The phantom resists.
The phantom is severely damaged.
The phantom hits you but does no damage.
Aiming: Freeze (safe; 1% risk of failure)
Press: ? - help, Q - select action, (/) - cycle Shift-Dir - straight line, f/p - phantom
Aim: a phantom (severely damaged)
You freeze the phantom but do no damage.
The phantom completely resists.
The phantom barely misses you.
Aiming: Freeze (safe; 1% risk of failure)
Press: ? - help, Q - select action, (/) - cycle Shift-Dir - straight line, f/p - phantom
Aim: a phantom (severely damaged)
You freeze the phantom but do no damage.
The phantom completely resists.
The phantom barely misses you.
Aiming: Freeze (safe; 1% risk of failure)
Press: ? - help, Q - select action, (/) - cycle Shift-Dir - straight line, f/p - phantom
Aim: a phantom (severely damaged)
You freeze the phantom.
The phantom resists.
The phantom is severely damaged.
The phantom closely misses you.
You barely miss the phantom.
The phantom is severely damaged.
The phantom hits you.
* * * LOW HITPOINT WARNING * * *
The phantom blinks!
You blink.
The phantom hits you.
* * * LOW HITPOINT WARNING * * *
The phantom blinks!
You blink.
You hit the phantom but do no damage.
The phantom is severely damaged.
The phantom hits you.
You die...

#.# #..####....P. #.# #..#
#.# #..# #.# #... #.# #...
#.# ######### #.# #...# #.#
#...# #.# #..@# #.#
#..W########## #.#
#...##.......#
#.######..§##.......#
#......'..§.'.......#######
###....#...##<............#
#..>.######..............
#....# ###+###........
#....# #........


You could see a phantom.

Vanquished Creatures
  An ogre (D:5)
  A bullfrog (D:5)
  4 scorpions
  A necrophage (D:4)
  A jelly (D:5)
  An orc priest (D:5)
  A gnoll bouda (D:5)
  An iguana (D:5)
  3 orc wizards
  4 gnolls
  5 adders
  An ufetubus (D:4)
  A worm (D:2)
  2 dart slugs
  11 orcs
  3 bats
  6 endoplasms
  A giant cockroach (D:2)
  4 goblins
  4 hobgoblins
  4 jackals (D:4)
  7 quokkas
  3 ball pythons
  4 frilled lizards
  10 kobolds
  7 rats
91 creatures vanquished.

Vanquished Creatures (others)
  A gnoll (D:4)
  2 orcs
  2 plants (D:3)
5 creatures vanquished.

Grand Total: 96 creatures vanquished

Notes
Turn   | Place    | Note
-------+----------+-------------------------------------------
     0 | D:1      | Caestello the Merfolk Ice Elementalist began the quest for
                  | the Orb.
     0 | D:1      | Reached XP level 1. HP: 13/13 MP: 3/3
   216 | D:1      | Found Paphoh's Assorted Antiques.
   262 | D:1      | Found Hecivyid's Book Shop.
   462 | D:1      | Reached XP level 2. HP: 20/20 MP: 3/5
   629 | D:1      | Found Vobliv's Armour Boutique.
   837 | D:1      | Found a faded altar of an unknown god.
   842 | D:1      | Prayed at the altar of an unknown god.
   842 | D:1      | Became a worshipper of Ru the Awakened
   846 | D:1      | Gained mutation: You are missing a hand. [Ru sacrifice]
   846 | D:1      | Reached * piety under Ru
   846 | D:1      | Reached ** piety under Ru
  1275 | D:2      | Found a snail-covered altar of Cheibriados.
  1593 | D:2      | Reached XP level 3. HP: 24/25 MP: 2/6
  1608 | D:2      | Learned a level 3 spell: Frozen Ramparts
  1668 | D:2      | Reached skill level 1 in Fighting
  2208 | D:3      | Reached skill level 1 in Polearms
  2208 | D:3      | Reached skill level 5 in Ice Magic
  2208 | D:3      | Reached XP level 4. HP: 32/32 MP: 3/7
  2474 | D:3      | Learned a level 3 spell: Ozocubu's Armour
  3200 | D:4      | Reached XP level 5. HP: 16/37 MP: 3/9
  3589 | D:4      | Reached XP level 6. HP: 39/43 MP: 5/10
  3870 | D:4      | Gained mutation: You are frail. (-10% HP) [Ru sacrifice]
  3870 | D:4      | Reached *** piety under Ru
  3870 | D:4      | Reached **** piety under Ru
  4440 | D:4      | Reached skill level 6 in Ice Magic
  4569 | D:5      | Entered Level 5 of the Dungeon
  4658 | D:1      | Bought a +0 pair of boots for 58 gold pieces
  4694 | D:1      | Bought a cloak for 108 gold pieces
  4770 | D:3      | You fall into a shaft and drop 2 floors!
  4906 | D:5      | Reached XP level 7. HP: 44/44 MP: 2/13
  5472 | D:5      | Found a radiant altar of Vehumet.
  5985 | D:5      | Reached skill level 7 in Ice Magic
  5991 | D:5      | Reached skill level 5 in Spellcasting
  6068 | D:5      | Slain by a phantom

Illustrated notes

Levels and vault maps discovered:
D:1:      elethiomel_arrival_infinity_welcomes_careful_drivers,
          layout_loops_ring, serial_shops, nicolae_shop_hallway_plus,
          nicolae_shop_hallway_stairs, shop_fountains, basic_ecumenical_altar,
          minmay_door_square
D:2:      minmay_chambers_of_twos, layout_basic, basic_altar
D:3:      minmay_evil_eye, layout_basic, serial_bayou_lagoon_a,
          chequers_serial_rivers_micro_d
D:4:      layout_basic, minmay_misc_feat_more_columns
D:5:      layout_basic, vehumet_crystals, minmay_temple_entry_trees

Skill      XL: |  1  2  3  4  5  6  7 |
---------------+----------------------+-----
Fighting       | 1 2 |  2.0
Dodging        | 3 4 |  4.2
Polearms       | 1 2 |  2.6
Ice Magic      | 5 6 7 |  7.1
Stealth        | 3 |  3.5
Spellcasting   | 3 4 5 |  5.0

Action                     |  1- 3 |  4- 6 |  7- 9 || total
---------------------------+-------+-------+-------++-------
  Melee: Unarmed           |    17 |       |       ||    17
         Punch             |     1 |       |       ||     1
         Spear             |    35 |    70 |    53 ||   158
         Club              |     5 |       |       ||     5
         Tailslap          |     1 |       |       ||     1
   Cast: Freeze            |    48 |    82 |    23 ||   153
         Frozen Ramparts   |     1 |     3 |     2 ||     6
         Ozocubu's Armour  |       |     2 |     2 ||     4
 Invoke: Sacrifice a Hand  |     1 |       |       ||     1
         Sacrifice Health  |       |     1 |       ||     1
    Use: Scroll            |       |     7 |       ||     7
         Potion            |       |     1 |       ||     1
   Stab: Sleeping          |     3 |     2 |     2 ||     7
         Distracted        |       |     1 |       ||     1
 Armour: Robe              |     9 |     8 |     8 ||    25
  Dodge: Dodged            |    47 |    65 |    45 ||   157

Table legend: (Time is in decaauts)
 A = Elapsed time spent in this place.
 B = Non-inter-level travel time spent in this place.
 C = Inter-level travel time spent in this place.
 D = Time resting spent in this place.
 E = Time spent auto-exploring this place.
 F = Levels seen in this place.
 G = Mean time per level.
                   A        B        C        D        E       F      G
               +--------+--------+--------+--------+--------+-----+--------+
         Total |   6062 |   5439 |    623 |    715 |   3474 |   5 | 1212.4 |
       Dungeon |   6062 |   5439 |    623 |    715 |   3474 |   5 | 1212.4 |
               +--------+--------+--------+--------+--------+-----+--------+

Top non-repeatable levels by time:
     D:4: 1643 daAuts
     D:2: 1186 daAuts
     D:1: 1124 daAuts
     D:5: 1097 daAuts
     D:3: 1009 daAuts
